 Dungeon Crawl Stone Soup version 0.30-a0-585-g93115170b9 (webtiles) character file.

Game seed: 8692665759655216377

82322 Newt the Black Sun (level 15, -1/121 HPs)
             Began as a Demonspawn Gladiator on Jan 2, 2023.
             Was a High Priest of Kikubaaqudgha.
             Constricted to death by a naga (3 damage)
             ... on level 2 of the Snake Pit.
             The game lasted 00:45:21 (21683 turns).

Newt the Black Sun (Demonspawn Gladiator)          Turns: 21683, Time: 00:45:22

Health: -1/121     AC: 14    Str: 18    XL:     15   Next: 29%
Magic:  30/30      EV: 22    Int: 14    God:    Kikubaaqudgha [*****.]
Gold:   1817       SH:  0    Dex: 20    Spells: 15/37 levels left

rFire   . . .      SeeInvis +    f - +5 quick blade (venom)
rCold   x . .      Faith    .    (no shield)
rNeg    . . .      Spirit   .    c - +1 leather armour {Will+}
rPois   +          Reflect  .    X - +2 helmet {SInv}
rElec   +          Harm     .    S - scarf {repulsion}
rCorr   .          Rampage  .    (gloves unavailable)
Will    ++...                    k - +2 pair of boots
Stlth   ++                       (no amulet)
HPRegen 0.40/turn                R - +6 ring of dexterity
MPRegen 0.22/turn                F - ring of poison resistance

@: confused, agile, ambrosia-drunk, animating dead (expiring), constricted,
studying 2 skills, repel missiles
A: thin metallic scales 3, powered by pain 2, robust 1, demonic magic 1, demonic
touch 3, camouflage 1, passive freeze, cold vulnerability 1
a: Renounce Religion, Unearth Wretches, Torment


You were on level 2 of the Snake Pit.
You worshipped Kikubaaqudgha.
Kikubaaqudgha was extremely pleased with you.
You visited 5 branches of the dungeon, and saw 21 of its levels.
You also visited: Volcano.

You collected 2155 gold pieces.
You spent 338 gold pieces at shops.

Inventory:

Hand Weapons
 f - a +5 quick blade of venom (weapon)
Missiles
 d - 3 throwing nets
 H - 4 javelins
Armour
 c - a +1 leather armour of willpower (worn)
 h - a +2 pair of boots of rampaging
 k - a +2 pair of boots (worn)
 x - a +0 chain mail of cold resistance
 P - a +0 troll leather armour
 S - a scarf of repulsion (worn)
 W - a +0 pair of gloves of strength
 X - a +2 helmet of see invisible (worn)
Jewellery
 l - a ring of ice
 m - a ring of resist corrosion
 s - a ring of see invisible
 u - an amulet of the acrobat
 y - a +6 ring of dexterity
 C - a +6 ring of dexterity
 F - a ring of poison resistance (right hand)
 N - a ring of fire
 R - a +6 ring of dexterity (left hand)
Wands
 a - a wand of light (9)
 b - a wand of mindburst (3)
 o - a wand of polymorph (4)
 z - a wand of digging (10)
 Q - a wand of paralysis (16)
 T - a wand of flame (28)
Scrolls
 e - a scroll of blinking
 i - 5 scrolls of enchant armour
 n - 4 scrolls of identify
 p - 16 scrolls of teleportation
 t - a scroll of amnesia
 v - a scroll of torment
 A - a scroll of butterflies
 E - a scroll of silence
 I - a scroll of immolation
 O - 2 scrolls of poison
 V - 3 scrolls of fog
Potions
 g - a potion of berserk rage
 j - 8 potions of curing
 q - a potion of heal wounds
 r - 2 potions of magic
 w - a potion of degeneration
 D - a potion of resistance
 G - a potion of attraction
 J - a potion of flight
 K - 5 potions of brilliance
 M - 5 potions of might
 U - a potion of haste


   Skills:
 - Level 8.0 Fighting
 - Level 10.0 Short Blades
 - Level 1.7 Throwing
 - Level 12.0 Dodging
 - Level 7.3 Stealth
 + Level 11.5 Spellcasting
 - Level 5.0 Summonings
 - Level 14.0 Necromancy
 - Level 8.0 Evocations


You had 15 spell levels left.
You knew the following spells:

 Your Spells              Type           Power      Damage    Failure   Level
a - Summon Small Mammal   Summ           88%        N/A       1%          1
b - Necrotise             Necr           100%       1d9       1%          1
c - Call Canine Familiar  Summ           22%        N/A       4%          3
d - Animate Dead          Necr           47%        N/A       1%          4
e - Vampiric Draining     Necr           47%        2d9       1%          3
f - Dispel Undead         Necr           47%        3d18      1%          4
g - Death Channel         Necr           23%        N/A       5%          6

Your spell library contained the following spells:

 Spells                   Type           Power      Damage    Failure   Level
 Agony                    Necr           47%        N/A       1%          5
 Cigotuvi's Dreadful Rot  Necr/Pois/Air  42%        N/A       2%          2
 Anguish                  Hex/Necr       13%        N/A       6%          4
 Apportation              Tloc           16%        N/A       11%         1
 Borgnjor's Vile Clutch   Necr/Erth      13%        N/A       17%         5
 Dazzling Flash           Conj/Hex       16%        N/A       32%         3
 Gell's Gravitas          Tloc           8%         N/A       32%         3
 Hailstorm                Conj/Ice       8%         3d4       32%         3
 Inner Flame              Hex/Fire       8%         N/A       32%         3
 Ozocubu's Armour         Ice            8%         N/A       32%         3
 Portal Projectile        Hex/Tloc       16%        N/A       32%         3
 Teleport Other           Tloc           8%         N/A       32%         3
 Simulacrum               Ice/Necr       13%        N/A       67%         6
 Flame Wave               Conj/Fire      8%         2d5       71%         4
 Ice Form                 Ice/Tmut       8%         N/A       71%         4
 Iskenderun's Mystic Bla  Conj/Tloc      8%         2d4       71%         4
 Leda's Liquefaction      Hex/Erth       4%         N/A       71%         4
 Passage of Golubria      Tloc           8%         N/A       71%         4
 Sticky Flame             Conj/Fire      8%         2d3       71%         4
 Borgnjor's Revivificati  Necr           23%        N/A       92%         8
 Silence                  Hex/Air        4%         N/A       96%         5
 Yara's Violent Unravell  Hex/Tmut       4%         3d4       96%         5
 Dispersal                Tloc           4%         N/A       100%        6
 Starburst                Conj/Fire      4%         6d3       100%        6
 Enfeeble                 Hex            4%         N/A       100%        7
 Ozocubu's Refrigeration  Ice            4%         4d8       100%        7
 Lehudib's Crystal Spear  Conj/Erth      4%         10d3      100%        8
 Necromutation            Tmut/Necr      13%        N/A       100%        8
 Death's Door             Necr           23%        N/A       100%        9


Dungeon Overview and Level Annotations

Branches:
Dungeon (11/15)            Temple (1/1) D:6            Lair (5/5) D:11
  Swamp (0/4) Lair:2        Snake (2/4) Lair:3        Slime (0/5) Lair:4
    Orc (2/2) D:10            Elf (0/3) Orc:2       Volcano (visited)

Altars:
Ashenzari
Cheibriados
Dithmenos
Fedhas
Gozag
Hepliaklqana
Kikubaaqudgha
Nemelex Xobeh
Okawaru
Qazlal
Ru
Sif Muna
Trog
Uskayaw
Vehumet
Wu Jian
Xom
Yredelemnul
Jiyva
Lugonu

Shops:
D:4 *   D:8 **   Orc:2 ((*?=

Portals:
Abyss: Lair:5

Annotations:
D:5 2 transporters, SkeletonJelly's ghost, novice MeFi
Temple 2 transporters


Innate Abilities, Weirdness & Mutations

You are completely covered in thin metallic scales. (AC +4, rElec)
You sometimes gain power by taking damage.
You are robust. (+10% HP)
Spells you cast may paralyse adjacent enemies.
Your touch may irresistibly damage your foes and sap their willpower.
Your skin changes colour to match your surroundings (Stealth+).
A frigid envelope surrounds you and freezes all who hurt you.
You are vulnerable to cold. (rC-)


Message History

The naga blinks! x3
The naga sharpshooter completely misses you.
You are too confused!
You hit the naga.
The naga is poisoned.
The naga is lightly wounded.
The black mamba misses you. The naga hits you with a +0 dire flail!
* * * LOW HITPOINT WARNING * * *
The naga is very cold.
You kill the naga!
Kikubaaqudgha accepts your kill.
The dead are walking!
The guardian serpent closely misses you.
The naga completely misses you. The naga closely misses you.
Okay, then.
Are you sure you want to stumble around while confused and next to your naga zombie?
Okay, then.
The black mamba bites you!
* * * LOW HITPOINT WARNING * * *
The black mamba is very cold.
The black mamba is lightly wounded.
The naga sharpshooter misses you.
The shock serpent bites your naga zombie.
The shock serpent shocks your naga zombie!
The guardian serpent coils itself and waves its upper body at you.
The bolt of poison misses you.
The bolt of poison hits the naga.
The naga barely misses you. The naga closely misses you.
The mana viper bites your naga zombie.
The naga sharpshooter completely misses you.
The black mamba bites you!
* * * LOW HITPOINT WARNING * * *
The black mamba is very cold.
The black mamba seems to slow down.
The black mamba is lightly wounded.
The shock serpent bites your naga zombie!
The shock serpent shocks your naga zombie!
Your naga zombie is destroyed!
The naga completely misses you. The naga grabs you.
The naga is very cold.
The naga is moderately wounded.
The naga constricts you.
You die...
Kikubaaqudgha rasps: "You have failed me!
Welcome... death!" #NNN#

..# #.)##..#
#.)....# #ยง)).$.#
#.#)##.# ###.#S# #
#############...#.#
#.............NS#.#
#.############N@)S#
#.# ###SS## # #.#
#NN##N#### #.#
#..<.....## #.#
##..#.##..# #.#
#..# ###.# ##)#
#..# #.# ...# #.?#
#.# #### #..# #..


You could see 2 naga sharpshooters, a shock serpent, a mana viper, a guardian
serpent, a black mamba (slow) and 2 nagas.

Vanquished Creatures
  An ettin (Orc:1)
  Josephine (Lair:3)
  4 hydras
  Erolcha (Orc:1)
  A centaur warrior (D:11)
  3 anacondas (Snake:2)
  2 naga warriors
  An ogre mage (Orc:2)
  15 two-headed ogres
  2 boulder beetles
  A hell hog (Volcano)
  4 death yaks (Lair:3)
  2 thrashing horrors (Lair:5)
  2 naga sharpshooters (Snake:1)
  2 shock serpents
  2 fire crabs
  A deep troll (Orc:2)
  5 large abominations (Lair:5)
  The ghost of Zonian the Skirmisher, a novice DEAE of Gozag (D:10)
  An obsidian statue (Volcano)
  A naga ritualist (Snake:2)
  A lindwurm (Lair:3)
  Pikel (D:5)
  A mana viper (Snake:1)
  An orc sorcerer (Orc:2)
  2 cyclopes (Orc:2)
  An ugly thing (D:11)
  Maurice (D:9)
  A manticore (D:9)
  3 salamanders
  12 black mambas
  3 smoke demons (Lair:5)
  Joseph (D:8)
  3 naga magi
  6 cane toads
  A rime drake (D:11)
  13 komodo dragons
  3 kobold demonologists
  A yaktaur (shapeshifter) (Lair:5)
  An ancient zyme (Lair:5)
  4 hornets (Lair:3)
  4 polar bears
  10 trolls
  24 blink frogs
  5 dream sheep (Lair:5)
  Grinder (D:6)
  Prince Ribbit (D:8)
  A slime creature (Lair:4)
  4 wraiths
  A shadow (D:10)
  3 ynoxinuls (Lair:5)
  10 fire bats
  3 basilisks (Lair:5)
  2 wyverns
  16 yaks
  Menkaure (D:4)
  Edmund (D:5)
  A warg (D:10)
  7 nagas
  A two-headed ogre zombie (D:10)
  2 swamp worms (Lair:2)
  A hell hound (Volcano)
  17 water moccasins
  8 orc warriors
  7 ice beasts
  A black bear (Lair:1)
  28 ogres
  4 centaurs
  A wolf (D:11)
  4 phantoms
  3 kobold brigands
  8 bullfrogs
  A gnoll sergeant (D:11)
  A necrophage (D:6)
  2 scorpions (D:5)
  5 wights
  8 killer bees
  A troll zombie (D:10)
  11 small abominations (Lair:5)
  4 lava snakes (Volcano)
  7 orc priests
  3 hounds
  3 jellies (Lair:4)
  Crazy Yiuf (D:6)
  A gnoll bouda (Orc:2)
  3 iguanas
  Terence (D:3)
  7 orc wizards
  6 ogre zombies (D:10)
  6 gnolls
  9 adders
  A shadow imp (D:6)
  A white imp (D:2)
  3 worms (D:2)
  4 dart slugs
  32 orcs
  7 bats
  6 endoplasms
  5 giant cockroaches
  6 goblins
  7 hobgoblins
  7 jackals (D:2)
  3 quokkas
  6 ball pythons
  8 frilled lizards
  A goblin skeleton (D:10)
  6 goblin zombies
  2 hobgoblin skeletons (D:10)
  8 hobgoblin zombies
  20 kobolds
  3 kobold skeletons (D:6)
  2 kobold zombies (D:6)
  2 orc skeletons (D:10)
  9 orc zombies (D:10)
  12 rats
534 creatures vanquished.

Vanquished Creatures (collateral kills)
  2 hydras
  An ogre mage (Orc:2)
  A two-headed ogre (Orc:2)
  A naga warrior (Snake:1)
  A salamander mystic (Snake:2)
  A deep troll (Orc:2)
  A naga ritualist (Snake:1)
  A salamander (Snake:1)
  3 naga magi
  3 black mambas
  A guardian serpent (Snake:2)
  A gargoyle (D:11)
  A cane toad (Lair:2)
  3 trolls
  A hornet (Lair:3)
  3 dream sheep (Lair:5)
  7 blink frogs
  A wraith (Lair:3)
  A shadow (D:10)
  3 yaks
  A chaos spawn (Lair:5)
  A basilisk (Lair:3)
  4 nagas
  A water moccasin (Lair:3)
  2 ice beasts (D:11)
  2 small abominations (Lair:5)
  6 ogres
  A lava snake (Volcano)
  2 gnolls (D:11)
  A kobold (D:6)
  3 orc zombies (D:10)
61 creatures vanquished.

Vanquished Creatures (others)
  An anaconda (Snake:1)
  A naga sharpshooter (Snake:1)
  2 anaconda zombies (Snake:2)
  A naga ritualist (Snake:1)
  A salamander (Volcano)
  A shock serpent zombie (Snake:2)
  A komodo dragon (Lair:3)
  A guardian serpent zombie (Snake:2)
  6 black mamba zombies
  A naga (Snake:1)
  3 fire bat zombies (Volcano)
  A water moccasin (Lair:3)
  A dream sheep zombie (Lair:5)
  3 blink frog zombies
  3 salamander zombies
  2 komodo dragon zombies
  2 water moccasin zombies (Lair:3)
  5 naga zombies (Snake:2)
  3 yak zombies (D:10)
  A basilisk zombie (Lair:5)
  An orc wizard (Orc:1)
  2 ogre zombies
  3 gnoll zombies (Orc:2)
  A lava snake zombie (Volcano)
  6 orc zombies
  33 fungi
  97 plants
183 creatures vanquished.

Grand Total: 778 creatures vanquished

Notes
Turn   | Place    | Note
-------+----------+-------------------------------------------
     0 | D:1      | Newt the Demonspawn Gladiator began the quest for the Orb.
     0 | D:1      | Reached XP level 1. HP: 16/16 MP: 1/1
    30 | D:1      | Reached skill level 1 in Stealth
   385 | D:1      | Gained mutation: Your touch may inflict minor irresistible
                  | damage on your foes. [demonic ancestry]
   385 | D:1      | Reached XP level 2. HP: 22/22 MP: 2/2
   474 | D:1      | Learned a level 1 spell: Summon Small Mammal
   727 | D:1      | Gained mutation: Spells you cast may paralyse adjacent
                  | enemies. [demonic ancestry]
   727 | D:1      | Reached XP level 3. HP: 28/28 MP: 3/3
  1064 | D:2      | Learned a level 1 spell: Necrotise
  1137 | D:2      | Reached skill level 1 in Necromancy
  1413 | D:2      | Reached skill level 2 in Necromancy
  1445 | D:2      | Gained mutation: You sometimes gain a little power by
                  | taking damage. [demonic ancestry]
  1445 | D:2      | Reached XP level 4. HP: 35/35 MP: 0/4
  2122 | D:3      | Reached skill level 3 in Necromancy
  2142 | D:3      | Gained mutation: Your skin changes colour to match your
                  | surroundings (Stealth+). [potion of mutation]
  2142 | D:3      | Gained mutation: You are vulnerable to cold. (rC-) [potion
                  | of mutation]
  2142 | D:3      | Gained mutation: A frigid envelope surrounds you and
                  | freezes all who hurt you. [potion of mutation]
  2338 | D:3      | Noticed Terence
  2346 | D:3      | Killed Terence
  2347 | D:3      | Reached skill level 1 in Spellcasting
  2347 | D:3      | Gained mutation: You are partially covered in thin metallic
                  | scales. (AC +2) [demonic ancestry]
  2347 | D:3      | Reached XP level 5. HP: 41/41 MP: 4/7
  3279 | D:4      | Found an opulent altar of Gozag.
  3465 | D:4      | Noticed Menkaure
  3472 | D:4      | Killed Menkaure
  3473 | D:4      | Reached XP level 6. HP: 47/47 MP: 7/10
  3530 | D:4      | Found Goucofao's Assorted Antiques.
  3538 | D:4      | Bought a scroll labelled DITOWE GAPIQER for 24 gold pieces
  3763 | D:5      | Entered Level 5 of the Dungeon
  3789 | D:5      | Found a sacrificial altar of Ru.
  3798 | D:5      | Noticed Edmund
  3811 | D:5      | Killed Edmund
  3812 | D:5      | Reached skill level 5 in Short Blades
  3812 | D:5      | Gained mutation: Your touch may inflict irresistible damage
                  | on your foes. [demonic ancestry]
  3812 | D:5      | Reached XP level 7. HP: 38/52 MP: 5/11
  3961 | D:5      | Noticed Pikel
  3967 | D:5      | Killed Pikel
  4012 | D:5      | Reached XP level 8. HP: 58/58 MP: 7/14
  4212 | D:5      | Found an ornate altar of the Wu Jian Council.
  4260 | D:5      | Noticed SkeletonJelly's ghost (novice MeFi)
  4261 | D:5      | Found a transporter.
  4291 | D:5      | Found a transporter.
  4419 | D:5      | Reached skill level 5 in Spellcasting
  4820 | D:6      | Found a staircase to the Ecumenical Temple.
  5005 | D:6      | Learned a level 3 spell: Call Canine Familiar
  5186 | D:6      | Noticed Grinder
  5195 | D:6      | Killed Grinder
  5196 | D:6      | Reached skill level 5 in Fighting
  5215 | D:6      | Found a shimmering altar of Xom.
  5260 | D:6      | Found a runed translucent door.
  5261 | D:6      | Noticed Crazy Yiuf
  5463 | D:6      | Reached skill level 5 in Summonings
  5819 | D:6      | Killed Crazy Yiuf
  5883 | D:7      | Found a hide-covered altar of Uskayaw.
  5985 | D:7      | Reached skill level 4 in Necromancy
  5989 | D:7      | Gained mutation: You sometimes gain power by taking damage.
                  | [demonic ancestry]
  5989 | D:7      | Reached XP level 9. HP: 50/68 MP: 10/16
  6152 | D:7      | Reached skill level 5 in Necromancy
  6152 | D:7      | Reached skill level 1 in Evocations
  7039 | Temple   | Entered the Ecumenical Temple
  7039 | Temple   | Found a transporter.
  7039 | Temple   | Found a transporter.
  7041 | Temple   | Found a transporter.
  7041 | Temple   | Found a transporter.
  7059 | Temple   | Became a worshipper of Kikubaaqudgha
  7132 | D:8      | Identified a scroll of acquirement
  7133 | D:8      | Acquired a +2 quick blade of draining
  7151 | D:8      | Noticed Prince Ribbit
  7173 | D:8      | Killed Prince Ribbit
  7439 | D:8      | Found Kuahyrimm's General Store.
  7451 | D:8      | Noticed Joseph
  7464 | D:8      | Killed Joseph
  7807 | D:8      | Found a basalt altar of Yredelemnul.
  8005 | D:8      | Found Oblinos's Fire Supplies.
  8318 | D:9      | Found a shimmering blue altar of Sif Muna.
  8446 | D:9      | Noticed a troll
  8449 | D:9      | Gained mutation: You are mostly covered in thin metallic
                  | scales. (AC +3) [demonic ancestry]
  8449 | D:9      | Reached XP level 10. HP: 73/79 MP: 17/17
  8495 | D:9      | Noticed Maurice
  8504 | D:9      | Killed Maurice
  8819 | D:9      | Noticed a sixfirhy
  8828 | D:9      | Reached * piety under Kikubaaqudgha
  8828 | D:9      | Received a gift from Kikubaaqudgha
  8829 | D:9      | Reached skill level 5 in Dodging
  8840 | D:9      | Learned a level 4 spell: Animate Dead
  8844 | D:9      | Learned a level 3 spell: Vampiric Draining
  9058 | D:9      | Reached skill level 6 in Necromancy
  9169 | D:9      | Noticed a manticore
  9174 | D:9      | Killed a manticore
  9175 | D:9      | Reached skill level 7 in Necromancy
  9485 | D:10     | Entered Level 10 of the Dungeon
  9546 | D:10     | Reached skill level 8 in Necromancy
  9775 | D:10     | Found a staircase to the Orcish Mines.
  9843 | D:10     | Reached ** piety under Kikubaaqudgha
 10194 | D:10     | Found a runed translucent gate.
 10195 | D:10     | Found a runed translucent gate.
 10195 | D:10     | Noticed Zonian's ghost (novice DEAE)
 10198 | D:10     | Found a runed translucent gate.
 10198 | D:10     | Identified the +1 plate armour "Juirudom" {Rampage *Corrode
                  | rF+}
 10358 | D:10     | Gained mutation: You are completely covered in thin
                  | metallic scales. (AC +4, rElec) [demonic ancestry]
 10358 | D:10     | Reached XP level 11. HP: 68/84 MP: 8/21
 10419 | D:10     | Killed Zonian's ghost
 10783 | D:11     | Noticed a centaur warrior
 10790 | D:11     | Killed a centaur warrior
 10797 | D:11     | Noticed a two-headed ogre
 10806 | D:11     | Killed a two-headed ogre
 10807 | D:11     | Reached *** piety under Kikubaaqudgha
 10807 | D:11     | Received a gift from Kikubaaqudgha
 10815 | D:11     | Found a staircase to the Lair.
 10907 | D:11     | Learned a level 4 spell: Dispel Undead
 10930 | D:11     | Noticed a two-headed ogre
 10936 | D:11     | Killed a two-headed ogre
 10937 | D:11     | Reached skill level 10 in Short Blades
 11369 | D:11     | Noticed a red ugly thing
 11375 | D:11     | Killed a red ugly thing
 11463 | Lair:1   | Entered Level 1 of the Lair of Beasts
 12210 | Lair:2   | Noticed a five-headed hydra
 12223 | Lair:2   | Killed a five-headed hydra
 12468 | Lair:2   | Gained mutation: You are robust. (+10% HP) [demonic
                  | ancestry]
 12468 | Lair:2   | Reached XP level 12. HP: 81/100 MP: 24/24
 12737 | Lair:2   | Noticed a four-headed hydra
 12747 | Lair:2   | Killed a four-headed hydra
 13041 | Lair:2   | Found a staircase to the Swamp.
 13270 | Lair:3   | Noticed a five-headed hydra
 13280 | Lair:3   | Killed a five-headed hydra
 13280 | Lair:3   | Noticed Josephine
 13288 | Lair:3   | Killed Josephine
 13621 | Lair:3   | Found a staircase to the Snake Pit.
 13629 | Lair:3   | Reached skill level 10 in Spellcasting
 13630 | Lair:3   | Reached **** piety under Kikubaaqudgha
 13726 | Lair:3   | Noticed a five-headed hydra
 13734 | Lair:3   | Killed a five-headed hydra
 13865 | Lair:3   | Noticed a death yak
 13871 | Lair:3   | Noticed a death yak
 13874 | Lair:3   | Noticed a death yak
 13876 | Lair:3   | Noticed a death yak
 13916 | Lair:3   | Killed a death yak
 13922 | Lair:3   | Killed a death yak
 13929 | Lair:3   | Killed a death yak
 13930 | Lair:3   | Reached skill level 5 in Stealth
 13939 | Lair:3   | Killed a death yak
 14187 | Lair:3   | Reached XP level 13. HP: 107/107 MP: 25/27
 14488 | Lair:3   | Learned a level 6 spell: Death Channel
 14731 | Lair:4   | Found a viscous altar of Jiyva.
 14732 | Lair:4   | Found a staircase to the Slime Pits.
 15029 | Lair:4   | Reached skill level 9 in Necromancy
 15614 | Lair:5   | Entered Level 5 of the Lair of Beasts
 15650 | Lair:5   | Reached skill level 10 in Necromancy
 15669 | Lair:5   | Found a dark tunnel.
 15685 | Volcano  | Entered a volcano
 15855 | Volcano  | Reached skill level 11 in Necromancy
 15858 | Volcano  | Found a radiant altar of Vehumet.
 16186 | Lair:5   | Reached skill level 12 in Necromancy
 16333 | Lair:5   | Reached skill level 5 in Evocations
 16644 | Lair:5   | Reached ***** piety under Kikubaaqudgha
 16906 | Lair:5   | Reached XP level 14. HP: 110/115 MP: 14/28
 17170 | Lair:5   | Found a corrupted altar of Lugonu.
 17170 | Lair:5   | Found a one-way gate to the infinite horrors of the Abyss.
 17548 | Lair:5   | Reached skill level 13 in Necromancy
 17796 | Orc:1    | Entered Level 1 of the Orcish Mines
 17943 | Orc:2    | Entered Level 2 of the Orcish Mines
 18124 | Orc:2    | Found a staircase to the Elven Halls.
 18155 | Orc:2    | Found Onese's General Store.
 18411 | Orc:2    | Found Dimuatiadgh's Weapon Boutique.
 18429 | Orc:2    | Reached skill level 14 in Necromancy
 18757 | Orc:2    | Reached skill level 10 in Dodging
 18996 | Orc:2    | Found Qoaler's Jewellery Shoppe.
 19002 | Orc:2    | Found Omerud's Antique Weapon Shop.
 19011 | Orc:2    | Found Ismiskog's Magic Scroll Emporium.
 19020 | Orc:2    | Bought a scroll of brand weapon for 142 gold pieces
 19020 | Orc:2    | Bought a scroll of brand weapon for 142 gold pieces
 19020 | Orc:2    | Bought a scroll of identify for 30 gold pieces
 19759 | Orc:1    | Reached ****** piety under Kikubaaqudgha
 19775 | Orc:1    | Noticed Erolcha
 19812 | Orc:1    | Killed Erolcha
 20231 | Snake:1  | Entered Level 1 of the Snake Pit
 20323 | Snake:1  | Gained mutation: Your touch may irresistibly damage your
                  | foes and sap their willpower. [demonic ancestry]
 20323 | Snake:1  | Reached XP level 15. HP: 90/121 MP: 19/29
 20950 | Snake:2  | HP: 3/121 [black mamba (11)]
 21683 | Snake:2  | HP: 2/121 [black mamba (9)]
 21683 | Snake:2  | Constricted to death by a naga

Illustrated notes

Levels and vault maps discovered:
D:1:      saegor_arrival_miasma, layout_loops_ring, grunt_decor_cap,
          grunt_decor_junction, st_stairs_14
D:2:      layout_loops_cross, serial_bayou, serial_bayou_lagoon_a,
          serial_bayou_crossing, serial_bayou_pond_d, serial_bayou_lake_a,
          corexii_leaking_fountain, nrook_mini_backslash, dk_noncrumbling_4
D:3:      layout_basic, uniq_terence
D:4:      layout_gridville, mainiacjoe_overflow_tiny_flanked,
          nicolae_gozag_seed_capital, serial_shops, shop, uniq_menkaure
D:5:      layout_loops_corners, mainiacjoe_overflow_small_starburst,
          nzn_wu_jian_contemplation, gammafunk_ghost_stat_death,
          minmay_misc_feat_rugged, uniq_pikel, uniq_edmund
D:6:      layout_gridville, lemuel_doored_altar, nicolae_tso_besieged_by_evil,
          minmay_temple_entry_poolview, uniq_grinder, uniq_crazy_yiuf_cottage
D:7:      layout_layer_cave, mainiacjoe_overflow_surrounded_room,
          chequers_mini_garden, hangedman_decor_clover_reticule
D:8:      layout_cave_pools, mainiacjoe_overflow_alcove_2, serial_shops,
          nicolae_shop_hallway_plus, nicolae_shop_fire_sale
          [nicolae_sub_dead_trees], uniq_joseph, uniq_prince_ribbit1
D:9:      layout_loops_corners, overflow_temple_1_default, nrook_mini_vaults,
          nicolae_figureground_pulse, uniq_maurice
D:10:     layout_basic, zombieorc2_lemuel, biasface_ghost_orc_armoury
D:11:     layout_long_grid, hellmonk_lair_entry_icy
Temple:   hellmonk_temple_divided_pantheon
Lair:1:   layout_chaotic_city, serial_bayou_pond_b
Lair:2:   layout_loops_ring, minmay_swamp_entry_worms,
          grunt_forest_large_clearing_hut, serial_bayou_shore_b
Lair:3:   layout_chaotic_city, minmay_snake_entry_six_corridors,
          dreamdust_wasp_nest, uniq_josephine
Lair:4:   layout_regular_city, minmay_slime_entry_pillars
Lair:5:   hellmonk_lair_end_abyssal_woods, layout_cave_pods,
          nicolae_volcano_entry_batcave
Snake:1:  layout_onion, lemuel_fruit_tree
Snake:2:  layout_basic, serial_shops, shop, shop, shop_coins,
          nicolae_shop_bloodbath_and_beyond, nicolae_snake_storage_room,
          uniq_aizul
Orc:1:    lemuel_ogre_cave, layout_caves, basic_altar
Orc:2:    st_orc_open, layout_caves, serial_shops, shop_statue

Skill      XL: |  1  2  3  4  5  6  7  8  9 10 11 12 13 14 15 |
---------------+----------------------------------------------+-----
Stealth        | 1 2 6 7 |  7.3
Fighting       | 3 5 7 8 |  8.0
Necromancy     | 2 3 4 5 8 12 14 | 14.0
Spellcasting   | 1 3 4 5 7 8 10 11 | 11.5
Short Blades   | 3 5 7 8 10 | 10.0
Dodging        | 3 4 5 8 9 11 12 | 12.0
Summonings     | 3 5 |  5.0
Evocations     | 3 7 8 |  8.0
Throwing       | |  1.7

Action                   |  1- 3 |  4- 6 |  7- 9 | 10-12 | 13-15 || total
-------------------------+-------+-------+-------+-------+-------++-------
Melee: Rapier            |   140 |    77 |    97 |       |       ||   314
       Touch             |    13 |     7 |    21 |    89 |   131 ||   261
       Punch             |     1 |     1 |     2 |     9 |     6 ||    19
       Dagger            |       |       |    16 |       |       ||    16
       Quick blade       |       |       |    31 |   409 |   578 ||  1018
Throw: Throwing net      |       |       |     1 |     2 |       ||     3
 Cast: Necrotise         |     6 |    12 |    32 |   115 |   161 ||   326
       Summon Small Mamm |     2 |     2 |       |       |     3 ||     7
       Call Canine Famil |       |       |    13 |    10 |    31 ||    54
       Animate Dead      |       |       |       |     7 |    15 ||    22
       Dispel Undead     |       |       |       |     4 |       ||     4
       Vampiric Draining |       |       |       |     1 |     3 ||     4
       Death Channel     |       |       |       |       |     9 ||     9
Invok: Unearth Wretches  |       |       |       |     1 |     6 ||     7
  Use: Scroll            |     3 |     6 |     6 |     9 |    13 ||    37
       Potion            |       |     1 |     1 |     2 |     7 ||    11
 Stab: Sleeping          |     3 |    13 |    10 |     5 |    12 ||    43
       Paralysed         |     6 |    12 |    32 |    52 |    88 ||   190
       Distracted        |       |     1 |     1 |     6 |     5 ||    13
       Held in net/web   |       |       |       |     2 |       ||     2
Armor: Leather armour    |    57 |    26 |    50 |     1 |    30 ||   164
       Troll leather arm |       |       |       |   106 |    55 ||   161
Dodge: Dodged            |   101 |    46 |    93 |   217 |   449 ||   906
       Repelled          |       |       |       |     1 |     7 ||     8

Table legend: (Time is in decaauts)
 A = Elapsed time spent in this place.
 B = Non-inter-level travel time spent in this place.
 C = Inter-level travel time spent in this place.
 D = Time resting spent in this place.
 E = Time spent auto-exploring this place.
 F = Levels seen in this place.
 G = Mean time per level.
                   A        B        C        D        E       F      G
               +--------+--------+--------+--------+--------+-----+--------+
         Total |  21023 |  20125 |    898 |   4180 |  12369 |  22 |  955.6 |
       Dungeon |  11386 |  10840 |    546 |   2041 |   7125 |  11 | 1035.1 |
        Temple |     34 |     22 |     12 |      0 |      6 |   1 |   34.0 |
          Lair |   5729 |   5522 |    207 |    847 |   3647 |   5 | 1145.8 |
     Snake Pit |   1390 |   1344 |     46 |    611 |    437 |   2 |  695.0 |
  Orcish Mines |   2215 |   2131 |     84 |    595 |   1137 |   2 | 1107.5 |
       Volcano |    267 |    267 |      0 |     86 |     17 |   1 |  267.0 |
               +--------+--------+--------+--------+--------+-----+--------+

Top non-repeatable levels by time:
  Lair:5: 1635 daAuts
  Lair:3: 1369 daAuts
     D:6: 1357 daAuts
     D:9: 1332 daAuts
 Snake:1: 1224 daAuts
   Orc:2: 1207 daAuts
     D:2: 1154 daAuts
    D:10: 1072 daAuts
  Lair:2: 1043 daAuts
   Orc:1: 1008 daAuts
     D:5: 997 daAuts
     D:1: 995 daAuts
     D:8: 985 daAuts
  Lair:4: 970 daAuts
     D:7: 967 daAuts
